 Dungeon Crawl Stone Soup version 0.31-a0-364-gb59cdcccf2 (webtiles) character file.

Game seed: 8427054904640125924

4326 floatRand the Grappler (level 10, -4/85 HPs)
             Began as a Red Draconian Shapeshifter on July 27, 2023.
             Was an Elder of Wu Jian.
             Slain by a two-headed ogre
             ... wielding a +0 giant spiked club
              (27 damage)
             ... on level 9 of the Dungeon.
             The game lasted 00:14:50 (8757 turns).

floatRand the Grappler (Red Draconian Shapeshifter) Turns: 8757, Time: 00:14:50

Health: -4/85      AC:  9    Str: 24    XL:     10   Next: 11%
Magic:  10/10      EV: 10    Int:  9    God:    Wu Jian [****..]
Gold:   358        SH:  0    Dex: 20    Spells: 9/9 levels left

rFire   . .          .
                       - Unarmed
rCold   . . .        (shield currently unavailable)
rNeg    . . .        (body armour unavailable)
rPois   .            (helmet currently unavailable)
rElec   .            (cloak currently unavailable)
rCorr   +            (gloves currently unavailable)
SInv    .            (boots currently unavailable)
Will    .....        (no amulet)
Stlth   ++           e - ring of resist corrosion
HPRegen 0.34/turn    t - +6 ring of dexterity
MPRegen 0.12/turn

%: no passive effects
@: snake-form
A: constrict, boosted hp, (breathe fire), AC +7, large, unfitting armour, (fire
resistance 1), (cold-blooded)
a: Begin Untransformation, Renounce Religion, Wall Jump, Serpent's Lash


You were on level 9 of the Dungeon.
You worshipped Wu Jian.
Wu Jian was greatly pleased with you.
You were an enormous anaconda.
You visited 1 branch of the dungeon, and saw 9 of its levels.
You also visited: Sewer.

You collected 514 gold pieces.
You spent 156 gold pieces at shops.

Inventory:

Missiles
 i - 11 curare-tipped darts
 o - a throwing net
Armour
 B - a +0 pair of boots
 G - a +0 pair of gloves
Jewellery
 e - a ring of resist corrosion (left hand)
 t - a +6 ring of dexterity (right hand)
 F - a ring of protection from fire
Talismans
 b - a beast talisman
 p - a serpent talisman
 A - a maw talisman
 J - a granite talisman
 L - a blade talisman
Wands
 E - a wand of flame (34)
 K - a wand of paralysis (12)
Scrolls
 j - a scroll of torment {unknown}
 k - 2 scrolls of butterflies {unknown}
 l - a scroll of brand weapon
 m - a scroll of fear
 q - a scroll of teleportation {unknown}
 r - a scroll of amnesia {unknown}
 s - 2 scrolls of poison
 x - a scroll of silence {unknown}
 y - 3 scrolls of acquirement {unknown}
 D - a scroll of blinking
 H - a scroll of noise {unknown}
 I - a scroll of enchant weapon {unknown}
Potions
 a - 4 potions of lignification
 c - 3 potions of brilliance
 d - 7 potions of heal wounds
 f - 6 potions of curing
 g - 2 potions of cancellation
 h - 2 potions of enlightenment {unknown}
 n - 3 potions of mutation
 u - 3 potions of haste
 v - 3 potions of might
 w - a potion of resistance
 z - a potion of invisibility
 C - 2 potions of attraction


   Skills:
 - Level 1.1 Fighting
 - Level 1.7 Dodging
 * Level 10.6 Unarmed Combat
 + Level 0.0 Evocations
 * Level 9.6 Shapeshifting


You had 9 spell levels left.
You didn't know any spells.
Your spell library was empty.

Dungeon Overview and Level Annotations

Branches:
Dungeon (9/15)             Temple (0/1) D:7            Lair (0/5) D:8
  Sewer (visited)
    Orc: D:9-12

Altars:
Ashenzari
Cheibriados
Gozag
Okawaru
Wu Jian
Xom

Shops:
D:7 !

Annotations:
D:3 3 runed translucent doors, MrCrawl's ghost, weakling TeFE


Innate Abilities, Weirdness & Mutations

You are an enormous anaconda.
You have a powerful constriction melee attack.
Your maximum health is increased.
Your armour is entirely melded.
You are incapable of wielding weapons or throwing items.
((You can breathe blasts of fire.))
((Your fiery red scales are hard. (AC +7)))
You cannot fit into any form of body armour.
((Your flesh is heat resistant. (rF+)))
((You are cold-blooded and may be slowed by cold attacks.))


Message History

Done exploring.
Done exploring.
You see here a +0 trident.
You begin transforming.
You continue transforming. x3
Your hands revert to their normal proportions.
You turn into an enormous anaconda.
You start resting.
HP restored.
(D) Dungeon (T) Temple (L) Lair
Where to? (Enter - D:8 @ (x,y), ? - help)
What level of the Dungeon? (default 1, ? - help)
There is a stone staircase leading down here.
You climb downwards.
You hear the roar of battle.
There is an entrance to a bailey on this level.
Hurry and find it before the portal closes forever!
Found a pair of boots and a book of Death.
Found a stone staircase leading down.
There is a stone staircase leading up here.
A two-headed ogre is nearby!
The two-headed ogre barely misses you.
The two-headed ogre hits you with a +0 giant spiked club.
You barely miss the two-headed ogre. Your grab misses the two-headed ogre.
Unknown command.
You hit the two-headed ogre. You grab the two-headed ogre.
The two-headed ogre is lightly wounded.
You constrict the two-headed ogre.
The two-headed ogre hits you with a +0 giant spiked club!
The two-headed ogre hits you with a +0 giant spiked club!!
Unknown command.
You hit the two-headed ogre.
The two-headed ogre is lightly wounded.
You constrict the two-headed ogre.
Unknown command.
You lash the two-headed ogre!
The two-headed ogre is heavily wounded.
You constrict the two-headed ogre.
The two-headed ogre hits you with a +0 giant spiked club!!
* * * LOW HITPOINT WARNING * * *
The two-headed ogre hits you with a +0 giant spiked club!!
You die...

#######
#.....#
#.....###
#.....#.#
#..O:..#
#..S..#
#.....#
#.....########
#.....<.......
#....[........
#>............
#.....########
##.#### #.


You could see a two-headed ogre.

Vanquished Creatures
  Pikel (D:6)
  A troll (D:7)
  A hornet (D:8)
  A steam dragon (D:8)
  Edmund (D:6)
  An acid dragon (D:8)
  Pargi (Sewer)
  4 black bears
  2 ice beasts (D:6)
  3 centaurs
  2 ogres
  A phantom (D:7)
  2 kobold brigands (D:7)
  2 bullfrogs
  3 scorpions
  10 wights
  2 howler monkeys
  3 jellies
  A hound (D:5)
  3 orc priests (D:6)
  2 sleepcaps
  3 iguanas
  5 orc wizards
  10 gnolls
  13 adders
  4 shadow imps
  2 white imps
  An ufetubus (D:6)
  4 worms
  4 dart slugs
  37 orcs
  7 endoplasms
  7 giant cockroaches
  9 goblins
  15 hobgoblins
  10 jackals
  24 kobolds
  4 quokkas
  12 ball pythons
  7 bats
  9 frilled lizards
  10 rats
244 creatures vanquished.

Notes
Turn   | Place    | Note
-------+----------+-------------------------------------------
     0 | D:1      | floatRand the Draconian Shapeshifter began the quest for
                  | the Orb.
     0 | D:1      | Reached XP level 1. HP: 16/16 MP: 1/1
   144 | D:1      | Reached XP level 2. HP: 22/23 MP: 2/2
   440 | D:1      | Reached XP level 3. HP: 28/28 MP: 3/3
   609 | D:1      | Reached skill level 4 in Unarmed Combat
  1154 | D:2      | Reached XP level 4. HP: 24/35 MP: 4/4
  1495 | D:2      | Identified the +0 leather armour of Elyvilon, Hurling
                  | {Regen+ Int+4 Dex-3 SInv}
  1886 | D:3      | Found a snail-covered altar of Cheibriados.
  1910 | D:3      | Reached skill level 5 in Unarmed Combat
  1910 | D:3      | Reached XP level 5. HP: 30/40 MP: 5/5
  1920 | D:3      | Found an ornate altar of the Wu Jian Council.
  1929 | D:3      | Became a worshipper of the Wu Jian Council
  2091 | D:3      | Found a runed translucent gate.
  2092 | D:3      | Noticed MrCrawl's ghost (weakling TeFE)
  2095 | D:3      | Found a runed translucent gate.
  2095 | D:3      | Found a runed translucent gate.
  2560 | D:4      | Reached * piety under Wu Jian
  2655 | D:4      | Reached XP level 6. HP: 47/47 MP: 6/6
  3229 | D:5      | Entered Level 5 of the Dungeon
  3284 | D:5      | Reached skill level 5 in Shapeshifting
  3327 | D:5      | Found a broken altar of Ashenzari.
  3378 | D:5      | Your scales start taking on a fiery red colour.
  3378 | D:5      | Reached XP level 7. HP: 52/52 MP: 7/7
  3378 | D:5      | Gained mutation: Your flesh is heat resistant. (rF+) [Red
                  | Draconian growth]
  3483 | D:5      | Reached ** piety under Wu Jian
  3521 | D:5      | Found a glowing drain.
  3525 | Sewer    | Entered a sewer
  3594 | Sewer    | Noticed Pargi
  3609 | Sewer    | Killed Pargi
  3782 | D:5      | Reached skill level 6 in Unarmed Combat
  4254 | D:5      | Found an opulent altar of Gozag.
  4378 | D:5      | Reached XP level 8. HP: 21/59 MP: 8/8
  4472 | D:5      | Reached skill level 7 in Unarmed Combat
  4875 | D:6      | Noticed Pikel
  4955 | D:6      | Noticed Edmund
  4973 | D:6      | Killed Edmund
  5303 | D:6      | Reached *** piety under Wu Jian
  5441 | D:6      | Reached skill level 8 in Unarmed Combat
  5494 | D:6      | Killed Pikel
  5495 | D:6      | Reached XP level 9. HP: 64/64 MP: 9/9
  5553 | D:6      | Reached skill level 9 in Unarmed Combat
  6410 | D:7      | Noticed a troll
  6440 | D:7      | Killed a troll
  6522 | D:7      | Found Jablaox's Distillery.
  6526 | D:7      | Bought a potion of degeneration for 12 gold pieces
  6526 | D:7      | Bought a potion of might for 48 gold pieces
  6526 | D:7      | Bought a potion of mutation for 96 gold pieces
  6548 | D:7      | Found a shimmering altar of Xom.
  6632 | D:7      | Found a staircase to the Ecumenical Temple.
  6909 | D:7      | Found an iron altar of Okawaru.
  6932 | D:7      | Reached skill level 10 in Unarmed Combat
  7516 | D:8      | Reached **** piety under Wu Jian
  7821 | D:8      | Reached XP level 10. HP: 71/71 MP: 10/10
  7890 | D:8      | Found a staircase to the Lair.
  8750 | D:9      | Noticed a two-headed ogre
  8757 | D:9      | Slain by a two-headed ogre

Illustrated notes

Levels and vault maps discovered:
D:1:      lightli_arrival_chessboard, layout_basic, serial_bayou,
          serial_bayou_crossing, serial_bayou_shore_b, serial_bayou_pond_c,
          serial_bayou_lagoon_a, minmay_misc_feat_room, minmay_statues_item,
          lemuel_flame_loot_1
D:2:      minmay_thinvault, layout_loops_ring, minmay_tree_intersection
D:3:      layout_rooms, lemuel_coloured_pillars_altar, kennysheep_slug_shrine,
          gammafunk_ghost_nasty_kobolds
D:4:      layout_loops_cross, guppyfry_early_lair_pool
D:5:      minmay_chambers_of_threes, layout_loops_ring, kennysheep_little_box,
          old_standard_altar, gup_sewer_entry_spiral,
          hangedman_decor_clover_reticule
D:6:      layout_loops_ring, hangedman_decor_riveting, grunt_decor_cap,
          nicolae_nh_ransacked_shop, uniq_pikel, uniq_edmund
D:7:      layout_loops_corners, mainiacjoe_overflow_24_doors,
          mainiacjoe_overflow_boulevard, minmay_temple_entry_antechambers,
          serial_shops, shop
D:8:      layout_basic, lair_entry_dummy
D:9:      layout_cross, erik_orc_3, enter_bailey_7, serial_shops, shop,
          hellmonk_bongcloud_opening, nicolae_rejected_hall

Skill      XL: |  1  2  3  4  5  6  7  8  9 |
---------------+----------------------------+-----
Unarmed Combat | 4 5 6 8 10 | 10.6
Shapeshifting  | 4 5 6 8 9 |  9.6
Fighting       | |  1.1
Dodging        | |  1.7

Action                     |  1- 3 |  4- 6 |  7- 9 | 10-12 || total
---------------------------+-------+-------+-------+-------++-------
  Melee: Unarmed           |   117 |   215 |   258 |    23 ||   613
         Tailslap          |     9 |    24 |    41 |       ||    74
         Punch             |     4 |     6 |     7 |       ||    17
         Constrict         |       |       |     7 |     5 ||    12
Ability: Lunge             |       |    15 |    30 |     2 ||    47
         Whirlwind         |       |       |     6 |       ||     6
         Breathe Fire      |       |       |     3 |       ||     3
    Use: Scroll            |       |     4 |    10 |       ||    14
         Potion            |       |       |     1 |       ||     1
   Stab: Sleeping          |     3 |     4 |     5 |       ||    12
 Armour: Skin              |    32 |    46 |    53 |     6 ||   137
  Dodge: Dodged            |    76 |   102 |   148 |    16 ||   342
   Form: Anaconda          |       |       |     1 |     1 ||     2
         Blade             |       |       |       |     1 ||     1

Table legend: (Time is in decaauts)
 A = Elapsed time spent in this place.
 B = Non-inter-level travel time spent in this place.
 C = Inter-level travel time spent in this place.
 D = Time resting spent in this place.
 E = Time spent auto-exploring this place.
 F = Levels seen in this place.
 G = Mean time per level.
                   A        B        C        D        E       F      G
               +--------+--------+--------+--------+--------+-----+--------+
         Total |   8825 |   8542 |    283 |    740 |   5734 |  10 |  882.5 |
       Dungeon |   8604 |   8321 |    283 |    740 |   5623 |   9 |  956.0 |
         Sewer |    220 |    220 |      0 |      0 |    111 |   1 |  220.0 |
               +--------+--------+--------+--------+--------+-----+--------+

Top non-repeatable levels by time:
     D:5: 1493 daAuts
     D:6: 1398 daAuts
     D:8: 1260 daAuts
     D:7: 1181 daAuts
     D:2: 958 daAuts
     D:1: 824 daAuts
     D:4: 811 daAuts
     D:3: 669 daAuts
   Sewer: 220 daAuts
     D:9: 6 daAuts
